 Dungeon Sprint DCSS version 0.15-a0-1224-g3833f9c (webtiles) character file.

28 Infinimo the Ruinous (level 3, 0/24 HPs)
             Began as a Mummy Conjurer on June 1, 2014.
             Was a Believer of Vehumet.
             Slain by a big kobold (5 damage)
             ... in the Dungeon (Sprint VII: "The Pits").
             The game lasted 00:02:51 (613 turns).

Infinimo the Ruinous (Mummy Conjurer)                Turns: 613, Time: 00:02:52

HP   0/24        AC  2     Str 11      XL: 3   Next:  0%
MP   0/6         EV 12     Int 15      God: Vehumet [**....]
Gold 0           SH  0     Dex 12      Spells:  1 memorised,  5 levels left

rFire  x . .     SeeInvis .     b - +2 dagger
rCold  + . .     Clarity  .     a - +0 robe
rNeg   + + +     rCorr    .     (no shield)
rPois  +         rRot     +     (no helmet)
rElec  .         Spirit   .     (no cloak)
SustAb .         Warding  .     (no gloves)
rMut   .         NoTele   +     (no boots)
Gourm  .                        (no amulet)
MR     .....                    (no ring)
                                (no ring)

@: not resistant to hostile enchantments, unstealthy
A: no food or potions, fire vulnerability, restore body, cold resistance 1, life
protection 3, poison resistance, torment resistance, unbreathing
a: Renounce Religion


You were in the Dungeon.
You worshipped Vehumet.
Vehumet was pleased with you.
You were not hungry.

You visited 1 branch

Inventory:

Hand weapons
 b - a +2,+2 dagger (weapon)
Armour
 a - a +0 robe (worn)
Scrolls
 d - 2 scrolls of vulnerability
 e - 3 scrolls of remove curse
 f - 5 scrolls of amnesia
 g - a scroll of summoning
 h - a scroll of blinking
Books
 c - a book of Conjurations

   Spells                             Type                      Level
   *Magic Dart                        Conjuration                  1
   Searing Ray                        Conjuration                  2
   Dazzling Spray                     Conjuration/Hexes            3
   Fulminant Prism                    Conjuration/Hexes            4
   Iskenderun's Mystic Blast          Conjuration                  4
   Iskenderun's Battlesphere          Conjuration/Charms           5


   Skills:
 - Level 1.5 Dodging
 - Level 1.5 Stealth
 - Level 2.0 Spellcasting
 + Level 6.0 Conjurations


You had 5 spell levels left.
You knew the following spells:

 Your Spells              Type           Power        Failure   Level  Hunger
a - Magic Dart            Conj           ###.         1%          1    N/A

Dungeon Overview and Level Annotations

Branches:
Dungeon (1/1)

Altars:
Ashenzari
Cheibriados
Dithmenos
Elyvilon
Fedhas
Gozag
Kikubaaqudgha
Makhleb
Nemelex Xobeh
Okawaru
Qazlal
Sif Muna
Trog
Vehumet
Xom
Yredelemnul
Zin
The Shining One
Beogh
Jiyva
Lugonu

Annotations:
D 1 exclusion


Innate Abilities, Weirdness & Mutations

You do not eat or drink.
Your flesh is vulnerable to fire.
Your flesh is cold resistant.
You are immune to negative energy.
Your system is resistant to poisons.
You are immune to unholy pain and torment.
You can survive without breathing.


Message History

The magic dart hits the big kobold.
The big kobold is moderately wounded.
Casting: Magic Dart
Confirm with . or Enter, or press ? or * to list all spells.
Aiming: Magic Dart
Press: ? - help, Shift-Dir - straight line, f/p - big kobold
Aim: a big kobold (moderately wounded)
The magic dart hits the big kobold.
The big kobold is moderately wounded.
The big kobold hits you.
* * * LOW HITPOINT WARNING * * *
Casting: Magic Dart
Confirm with . or Enter, or press ? or * to list all spells.
Aiming: Magic Dart
Press: ? - help, Shift-Dir - straight line, f/p - big kobold
Aim: a big kobold (moderately wounded)
The magic dart hits the big kobold.
The big kobold is heavily wounded.
The big kobold hits you.
You die...

#...#.#
#............
#...#.#
####'#####++#
#..Z'.# #.......#
##%#### #.......#
#...h.# #.......#
#.....# #...<...#
#...h.K. #.......#
#........##K......#
######### #@......#
#########


You could see a big kobold.

Vanquished Creatures
  2 giant mites (D)
  An ufetubus (D)
  A goblin (D)
  3 jackals (D)
  A quokka (D)
  A giant newt (D)
  A kobold skeleton (D)
10 creatures vanquished.

Notes
Turn   | Place    | Note
--------------------------------------------------------------
     0 | D        | Infinimo, the Mummy Conjurer, began the quest for the Orb.
     0 | D        | Reached XP level 1. HP: 13/13 MP: 3/3
    36 | D        | Reached skill level 4 in Conjurations
   155 | D        | Found a basalt altar of Yredelemnul.
   155 | D        | Found a glowing golden altar of the Shining One.
   155 | D        | Found a deep blue altar of Sif Muna.
   155 | D        | Found a burning altar of Makhleb.
   155 | D        | Found an ancient bone altar of Kikubaaqudgha.
   155 | D        | Found a glowing silver altar of Zin.
   156 | D        | Found a shadowy altar of Dithmenos.
   156 | D        | Found a bloodstained altar of Trog.
   156 | D        | Found a shattered altar of Ashenzari.
   156 | D        | Found a white marble altar of Elyvilon.
   156 | D        | Found a snail-covered altar of Cheibriados.
   156 | D        | Found a blossoming altar of Fedhas.
   156 | D        | Found a radiant altar of Vehumet.
   156 | D        | Found a shimmering altar of Xom.
   156 | D        | Found a sparkling altar of Nemelex Xobeh.
   156 | D        | Found a corrupted altar of Lugonu.
   156 | D        | Found a viscous altar of Jiyva.
   156 | D        | Found a roughly hewn altar of Beogh.
   156 | D        | Found an iron altar of Okawaru.
   161 | D        | Found a stormy altar of Qazlal.
   161 | D        | Found an opulent altar of Gozag.
   163 | D        | Became a worshipper of Vehumet
   186 | D        | Reached XP level 2. HP: 19/19 MP: 0/4
   196 | D        | Reached skill level 5 in Conjurations
   452 | D        | Acquired Vehumet's first power
   452 | D        | Offered knowledge of Freeze by Vehumet.
   532 | D        | Noticed a big kobold
   550 | D        | Reached skill level 6 in Conjurations
   552 | D        | Reached XP level 3. HP: 10/24 MP: 3/6
   613 | D        | Slain by a big kobold

Action                   || total
-------------------------++-------
Melee: Dagger            ||    14
 Cast: Magic Dart        ||    26
